 Dungeon Crawl Stone Soup version 0.29.1-4-g47bece8355 (webtiles) character file.

Game seed: 16776165409752892225

21394 kingsuperguy the Protected (level 12, -2/165 HPs)
             Began as a Minotaur Berserker on Dec 11, 2022.
             Was a High Priest of Trog.
             Slain by an ogre
             ... wielding a +0 giant spiked club
              (5 damage)
             ... on level 2 of the Orcish Mines.
             The game lasted 00:28:11 (18795 turns).

kingsuperguy the Protected (Minotaur Berserker)    Turns: 18795, Time: 00:28:12

Health: -2/165     AC: 24    Str: 33    XL:     12   Next: 53%
Magic:  11/11      EV:  9    Int:  4    God:    Trog [*****.]
Gold:   1145       SH:  0    Dex: 10    Spells: 11/11 levels left

rFire   . . .      SeeInvis +   U - +10 lajatang of Iresyl Tiwu {flame, SInv}
rCold   . . .      Faith    +   (shield currently unavailable)
rNeg    . . .      Spirit   .   p - +0 plate armour
rPois   +          Reflect  .   (helmet restricted)
rElec   .          Harm     .   r - +0 cloak {rCorr}
rCorr   +          Rampage  .   m - +0 pair of gloves
Will    .....                   v - +0 pair of boots
Stlth   ..........              f - amulet of faith
HPRegen 0.37/turn               i - +4 ring of protection
MPRegen 0.12/turn               L - +6 ring of strength

@: berserking, marked, very quick
A: horns 2, retaliatory headbutt, poison resistance, screaming 1
a: Renounce Religion, Berserk, Trog's Hand, Brothers in Arms


You were on level 2 of the Orcish Mines.
You worshipped Trog.
Trog was extremely pleased with you.
You visited 3 branches of the dungeon, and saw 14 of its levels.

You collected 1250 gold pieces.
You spent 105 gold pieces at shops.

Inventory:

Hand Weapons
 a - a +0 mace
 K - a +0 flail of holy wrath
 U - the +10 lajatang of Iresyl Tiwu (weapon) {flame, SInv}
   (Trog gifted it to you on level 10 of the Dungeon)

   It burns those it strikes, dealing additional fire damage.
   Big, fiery blades are also staple armaments of hydra-hunters.
   SInv:      It lets you see invisible.
 W - a +4 broad axe of freezing
Missiles
 k - 4 javelins (quivered)
 J - 32 poisoned darts
 V - 6 throwing nets
Armour
 c - a +0 kite shield
 m - a +0 pair of gloves (worn)
 p - a +0 plate armour (worn)
 r - a +0 cloak of preservation (worn)
 v - a +0 pair of boots (worn)
Jewellery
 f - an amulet of faith (around neck)
 i - a +4 ring of protection (left hand)
 L - a +6 ring of strength (right hand)
 N - an amulet of magic regeneration
 Z - a ring of willpower
Wands
 C - a wand of mindburst (8)
 H - a wand of acid (2)
Scrolls
 b - a scroll of vulnerability {unknown}
 e - 6 scrolls of teleportation
 g - 2 scrolls of enchant armour {unknown}
 j - a scroll of immolation
 n - 5 scrolls of fog
 o - a scroll of magic mapping {unknown}
 q - 3 scrolls of enchant weapon
 t - 2 scrolls of summoning {unknown}
 u - a scroll of torment {unknown}
 y - 4 scrolls of fear
 z - 4 scrolls of brand weapon {unknown}
 A - 2 scrolls of amnesia {unknown}
 B - a scroll of poison
 I - a scroll of acquirement {unknown}
 P - 3 scrolls of blinking {unknown}
Potions
 d - 8 potions of curing
 h - a potion of resistance {unknown}
 l - a potion of heal wounds
 s - 4 potions of mutation
 w - 2 potions of flight
 D - 2 potions of cancellation
 F - a potion of brilliance
 G - a potion of invisibility
 M - a potion of haste {unknown}
 O - 2 potions of lignification
 R - a potion of magic {unknown}
 Y - a potion of berserk rage {unknown}


   Skills:
 + Level 11.1 Fighting
 + Level 11.8(13.5) Maces & Flails
 + Level 10.6(12.9) Staves
 + Level 0.5 Throwing
 + Level 13.0 Armour
 + Level 3.5 Dodging
 - Level 1.6 Stealth
 + Level 10.4 Shields


You had 11 spell levels left.
You didn't know any spells.
Your spell library was empty.

Dungeon Overview and Level Annotations

Branches:
Dungeon (11/15)            Temple (0/1) D:4            Lair (1/5) D:11
    Orc (2/2) D:9             Elf (0/3) Orc:2

Altars:
Ashenzari
Elyvilon
Kikubaaqudgha
Sif Muna
Uskayaw
The Shining One

Shops:
D:3 [   D:11 !*:

Annotations:
D:10 3 runed translucent doors, Rudyous's ghost, novice MiFi


Innate Abilities, Weirdness & Mutations

You have a pair of horns on your head.
You reflexively headbutt those who attack you in melee.
Your system is resistant to poisons. (rPois)
You occasionally shout uncontrollably at your foes.


Message History

You feel the power of Trog in you as your rage grows.
You kill the orc warrior!
Trog accepts your kill.
A troll comes into view.
You dice the two-headed ogre like an onion!!!
You burn the two-headed ogre. You headbutt the two-headed ogre!
The two-headed ogre is almost dead.
The ogre closely misses you.
A cyclops comes into view.
You yell at the cyclops!
You slash the two-headed ogre! You burn the two-headed ogre.
You kill the two-headed ogre!
Trog accepts your kill. The ogre hits you with a +0 giant club.
* * * LOW HITPOINT WARNING * * *
A troll comes into view.
Your Fighting skill increases to level 11!
Your Armour skill increases to level 13!
You slash the two-headed ogre! You burn the two-headed ogre.
The two-headed ogre is moderately wounded.
The two-headed ogre misses you.
The two-headed ogre hits you but does no damage.
You slice the two-headed ogre!! You burn the two-headed ogre!
The two-headed ogre is almost dead.
The ogre closely misses you.
You barely miss the two-headed ogre.
The two-headed ogre is almost dead.
The two-headed ogre barely misses you.
The two-headed ogre completely misses you.
The ogre barely misses you.
You dice the two-headed ogre like an onion!!!
You burn the two-headed ogre.
You kill the two-headed ogre!
Trog accepts your kill.
An ogre comes into view. It is wielding a +0 giant club.
You slash the deep troll! You burn the deep troll.
Your headbutt misses the deep troll.
The deep troll is moderately wounded.
The ogre hits you with a +0 giant spiked club.
You die...

## ### ########
##o########.###...#..#
#oOo#@##.#............
#.....O#OOT...............
......o##T#OO.............
..###O. #OC...............
. .oo.oTo............##.
...o.#T#...............
....C.T##C..............
#....... #O..............
...$O ............ ..


You could see an ettin, an ogre mage, 2 deep trolls, a cyclops, 3 trolls, 5
ogres and 2 orcs.

Vanquished Creatures
  Harold (D:11)
  A hydra (Lair:1)
  5 two-headed ogres (Orc:2)
  Sonja (D:11)
  A deep elf pyromancer (D:11)
  An orc knight (D:9)
  A manticore (D:11)
  3 elephants (Lair:1)
  6 kobold demonologists
  A cane toad (Lair:1)
  2 unseen horrors (D:10)
  2 komodo dragons (Lair:1)
  4 trolls
  A hornet (D:8)
  A shadow (D:10)
  5 yaks
  A vampire (D:10)
  A wyvern (D:11)
  2 basilisks
  Grum (D:8)
  2 steam dragons
  Eustachio (D:4)
  Menkaure (D:4)
  4 vampire mosquitoes (D:10)
  4 wargs
  5 water moccasins
  Duvessa (D:5)
  13 orc warriors
  3 black bears
  3 ice beasts
  2 sky beasts (D:7)
  12 wolves
  4 ogres
  6 centaurs
  4 kobold brigands
  7 bullfrogs
  A necrophage (D:4)
  A scorpion (D:5)
  A wight (D:7)
  Dowan (D:5)
  12 killer bees
  4 howler monkeys
  A jelly (D:7)
  A lava snake (D:8)
  11 orc priests
  Crazy Yiuf (D:2)
  2 gnoll boudas
  3 hounds
  5 iguanas
  Ijyb (D:5)
  Terence (D:2)
  19 orc wizards
  16 gnolls
  7 adders
  4 white imps
  44 orcs
  9 ball pythons
  7 bats
  11 endoplasms
  A giant cockroach (D:1)
  9 goblins
  8 hobgoblins
  8 jackals
  24 kobolds
  7 quokkas
  2 rats
335 creatures vanquished.

Vanquished Creatures (others)
  2 orc wizards (D:7)
  3 fungi (Lair:1)
  5 plants (Lair:1)
10 creatures vanquished.

Grand Total: 345 creatures vanquished

Notes
Turn   | Place    | Note
-------+----------+-------------------------------------------
     0 | D:1      | kingsuperguy the Minotaur Berserker began the quest for the
                  | Orb.
     0 | D:1      | Reached XP level 1. HP: 19/19 MP: 0/0
    79 | D:1      | Reached XP level 2. HP: 27/27 MP: 1/1
   740 | D:1      | Reached XP level 3. HP: 33/33 MP: 2/2
  1345 | D:2      | Reached ** piety under Trog
  1744 | D:2      | Noticed Terence
  1768 | D:2      | Killed Terence
  1769 | D:2      | Reached XP level 4. HP: 20/40 MP: 3/3
  2268 | D:2      | Found a runed translucent door.
  2269 | D:2      | Noticed Crazy Yiuf
  2409 | D:2      | Killed Crazy Yiuf
  2410 | D:2      | Reached skill level 5 in Maces & Flails
  2410 | D:2      | Reached skill level 3 in Armour
  2410 | D:2      | Reached skill level 1 in Shields
  2414 | D:2      | HP: 2/41 [poisoned by Crazy Yiuf]
  3165 | D:3      | Reached skill level 1 in Stealth
  3165 | D:3      | Reached XP level 5. HP: 18/47 MP: 4/4
  3877 | D:3      | Found Xohoc's Armour Emporium.
  3887 | D:3      | Bought a +0 pair of boots for 45 gold pieces
  4113 | D:4      | Reached skill level 4 in Armour
  4180 | D:4      | Found a staircase to the Ecumenical Temple.
  4333 | D:4      | Noticed Menkaure
  4339 | D:4      | Killed Menkaure
  4340 | D:4      | Reached XP level 6. HP: 55/55 MP: 5/5
  4441 | D:4      | Noticed Eustachio
  4451 | D:4      | Killed Eustachio
  4635 | D:4      | Reached XP level 7. HP: 59/60 MP: 6/6
  4664 | D:4      | Reached skill level 5 in Fighting
  4664 | D:4      | Reached skill level 5 in Armour
  4905 | D:4      | Found a hide-covered altar of Uskayaw.
  4911 | D:4      | Found an ancient bone altar of Kikubaaqudgha.
  4916 | D:4      | Found a broken altar of Ashenzari.
  5040 | D:5      | Entered Level 5 of the Dungeon
  5101 | D:5      | Noticed Dowan
  5101 | D:5      | Noticed Duvessa
  5116 | D:5      | Killed Duvessa
  5128 | D:5      | Killed Dowan
  5866 | D:5      | Noticed Ijyb
  5879 | D:5      | Killed Ijyb
  5880 | D:5      | Reached XP level 8. HP: 54/69 MP: 7/7
  6282 | D:5      | Gained mutation: Your system is resistant to poisons.
                  | (rPois) [potion of mutation]
  6282 | D:5      | Gained mutation: You occasionally shout uncontrollably at
                  | your foes. [potion of mutation]
  6310 | D:6      | Reached *** piety under Trog
  6329 | D:6      | Reached skill level 6 in Armour
  6931 | D:6      | Found a glowing golden altar of the Shining One.
  7343 | D:7      | Reached skill level 5 in Shields
  7441 | D:7      | Reached skill level 7 in Armour
  7582 | D:7      | Reached XP level 9. HP: 78/78 MP: 8/8
  8021 | D:7      | Found a shimmering blue altar of Sif Muna.
  8025 | D:7      | Reached **** piety under Trog
  8334 | D:7      | Reached skill level 8 in Armour
  8347 | D:7      | Reached skill level 10 in Maces & Flails
  9056 | D:8      | Noticed Grum
  9072 | D:8      | Killed Grum
 10274 | D:9      | Reached skill level 9 in Armour
 10274 | D:9      | Reached XP level 10. HP: 77/86 MP: 9/9
 11014 | D:9      | Reached ***** piety under Trog
 11114 | D:9      | Found a staircase to the Orcish Mines.
 11634 | D:10     | Entered Level 10 of the Dungeon
 12273 | Orc:1    | Entered Level 1 of the Orcish Mines
 12273 | Orc:1    | Noticed an orc knight
 12322 | D:9      | Killed an orc knight
 12323 | D:9      | Reached skill level 10 in Armour
 12780 | D:9      | Reached skill level 10 in Shields
 13909 | D:11     | Noticed Harold
 13980 | D:10     | Reached XP level 11. HP: 65/95 MP: 10/10
 14154 | D:10     | Found a runed translucent gate.
 14270 | D:10     | Identified the +10 lajatang of Iresyl Tiwu {flame, SInv}
                  | (Trog gifted it to you on level 10 of the Dungeon)
 14270 | D:10     | Received a gift from Trog
 14276 | D:10     | Reached skill level 11 in Armour
 14725 | D:10     | Found a runed translucent gate.
 14726 | D:10     | Found a runed translucent gate.
 14729 | D:10     | Noticed Rudyous's ghost (novice MiFi)
 14911 | D:11     | Killed Harold
 14912 | D:11     | Reached skill level 1 in Staves
 15207 | D:11     | Found a staircase to the Lair.
 15315 | D:11     | Found Poheon's Assorted Antiques.
 15321 | D:11     | Noticed a soul eater
 15346 | D:11     | Found Keyrurch's Distillery.
 15355 | D:11     | Bought a potion of curing for 30 gold pieces
 15355 | D:11     | Bought a potion of lignification for 30 gold pieces
 15401 | D:11     | Noticed Sonja
 15406 | D:11     | Killed Sonja
 15407 | D:11     | Reached skill level 5 in Staves
 15670 | D:11     | Found Viunesul's Book Boutique.
 15915 | D:11     | Noticed a deep elf pyromancer
 15922 | D:11     | Killed a deep elf pyromancer
 16495 | Lair:1   | Entered Level 1 of the Lair of Beasts
 16560 | Lair:1   | Reached skill level 10 in Fighting
 16669 | Lair:1   | Reached skill level 12 in Armour
 17165 | Lair:1   | Reached XP level 12. HP: 106/106 MP: 11/11
 17210 | Lair:1   | Noticed a six-headed hydra
 17219 | Lair:1   | Killed a six-headed hydra
 17667 | Lair:1   | Found a white marble altar of Elyvilon.
 18630 | Orc:2    | Entered Level 2 of the Orcish Mines
 18630 | Orc:2    | Found a staircase to the Elven Halls.
 18758 | Orc:2    | Received a gift from Trog
 18761 | Orc:2    | Noticed a two-headed ogre
 18767 | Orc:2    | Noticed a two-headed ogre
 18771 | Orc:2    | Noticed a two-headed ogre
 18777 | Orc:2    | Noticed a two-headed ogre
 18777 | Orc:2    | Noticed a two-headed ogre
 18778 | Orc:2    | Killed a two-headed ogre
 18781 | Orc:2    | Killed a two-headed ogre
 18783 | Orc:2    | HP: 6/162 [orc warrior/+0 battleaxe[an orc knight] (16)]
 18784 | Orc:2    | Reached skill level 10 in Staves
 18784 | Orc:2    | Noticed a two-headed ogre
 18784 | Orc:2    | Noticed an ettin
 18784 | Orc:2    | Noticed an ogre mage
 18786 | Orc:2    | Killed a two-headed ogre
 18790 | Orc:2    | Killed a two-headed ogre
 18790 | Orc:2    | HP: 2/162 [ogre/+0 giant club (3)]
 18791 | Orc:2    | Reached skill level 13 in Armour
 18794 | Orc:2    | Killed a two-headed ogre
 18795 | Orc:2    | Slain by an ogre

Illustrated notes

Levels and vault maps discovered:
D:1:      mainiacjoe_arrival_reflecting_pool, layout_loops_ring, nrook_uturn
D:2:      minmay_chambers_of_twos, layout_loops_ring, serial_forest,
          infiniplex_forest_lined_room_2, infiniplex_forest_clump_curved,
          infiniplex_forest_straight_4, infiniplex_forest_straight_1,
          infiniplex_forest_corner_1, infiniplex_forest_corner_1,
          infiniplex_forest_lined_room_3, infiniplex_forest_clump_small,
          uniq_crazy_yiuf_cottage, uniq_terence
D:3:      layout_basic, serial_shops, nicolae_shop_behind_doors
D:4:      layout_loops_ring, minmay_overflow_temple_star_quad,
          minmay_temple_entry_statues_pillars, kennysheep_boxes, uniq_menkaure,
          uniq_eustachio
D:5:      layout_basic, chequers_serial_rivers_micro_c, uniq_ijyb, uniq_duvessa
D:6:      layout_loops_ring, tso_metal_star
D:7:      layout_loops_ring, led_sif_book, minmay_fractal_squares_diagonal_5
D:8:      layout_loops_corners, kennysheep_another_room, uniq_grum
D:9:      minmay_flawed_box, layout_loops_cross, erik_orc_3,
          minmay_misc_feat_tiny, nicolae_figureground_pulse
D:10:     layout_gridville, gammafunk_ghost_necromancy
D:11:     layout_stronghold, david_lair_generic, serial_shops,
          nicolae_lakefront_shop, shop_statue, nicolae_shop_crystal,
          serial_rivers, chequers_serial_rivers_small_a,
          chequers_serial_rivers_small_3, chequers_serial_rivers_small_a,
          chequers_serial_rivers_small_b, minmay_microvault, uniq_harold,
          uniq_sonja
Lair:1:   layout_regular_city, basic_altar, serial_bayou_pond_c
Orc:1:    layout_caves
Orc:2:    st_orc_open, layout_caves, gammafunk_ghost_smash, minmay_orc_temple_a

Skill      XL: |  1  2  3  4  5  6  7  8  9 10 11 12 |
---------------+-------------------------------------+-----
Maces & Flails | 4 5 6 7 9 10 11 | 11.8
Fighting       | 4 5 6 7 8 10 11 | 11.1
Armour         | 3 4 5 7 9 10 12 13 | 13.0
Shields        | 1 2 3 5 8 10 | 10.4
Dodging        | 3 |  3.5
Stealth        | 1 |  1.6
Staves         | 8 10 | 10.6
Throwing       | |  0.5

Action                   |  1- 3 |  4- 6 |  7- 9 | 10-12 || total
-------------------------+-------+-------+-------+-------++-------
Melee: Mace              |    95 |   125 |   256 |       ||   476
       Headbutt          |    16 |    11 |    74 |    81 ||   182
       Flail             |       |       |   137 |   328 ||   465
       Lajatang          |       |       |       |   182 ||   182
Throw: Javelin           |       |       |       |     3 ||     3
       Dart              |       |       |       |     2 ||     2
Invok: Berserk           |       |     3 |     2 |     5 ||    10
Evoke: Wand              |       |       |       |     1 ||     1
  Use: Potion            |       |     1 |     1 |     1 ||     3
       Scroll            |       |       |     7 |     7 ||    14
 Stab: Sleeping          |     1 |       |       |       ||     1
Armor: Animal skin       |    26 |       |       |       ||    26
       Plate armour      |    16 |    88 |   274 |   564 ||   942
Dodge: Dodged            |    43 |    27 |   105 |   207 ||   382
Block: Kite shield       |    24 |    37 |   199 |   188 ||   448
